[Event "DOTMLPFi FIDE Invitational"]
[Site "Yorktown"]
[Date "2010.11.28"]
[Round "9.4"]
[White "Belke, Thomas"]
[Black "Himanshu, Keskar"]
[Result "1-0"]
[ECO "B52"]
[WhiteElo "1869"]
[BlackElo "1855"]
[PlyCount "107"]
[TimeControl "240+2"]

{496MB, DFritz11.ctg, MikesQuadPC} 1. e4 c5 2. Nf3 d6 3. Bb5+ Bd7 4. Bxd7+ Nxd7
5. O-O Ngf6 6. d3 g6 7. h3 Bg7 8. Re1 O-O 9. Nbd2 Qc7 10. Nf1 a6 11. g4 b5 12.
c3 Rfe8 13. Ng3 Red8 14. g5 Ne8 15. h4 a5 16. Rb1 b4 17. c4 a4 18. Kg2 Qc6 19.
Nh2 Nc7 20. f4 Ne6 21. Be3 Nd4 22. Bxd4 Bxd4 23. Nf3 Bg7 24. Rh1 b3 25. a3 e6
26. f5 exf5 27. exf5 d5 28. f6 Nxf6 29. gxf6 Bxf6 30. cxd5 Rxd5 31. Ne4 Bg7 32.
Re1 Rad8 33. Nf2 Qd7 34. Qe2 Qc6 35. Qe4 Qd7 36. Qe7 Qf5 37. Qe4 Qd7 38. Qe7
Qb5 39. Ne5 Rf8 40. Nfg4 Rd4 41. Nf6+ Bxf6 42. Qxf6 Qb7+ 43. Kf2 Qd5 44. h5
Rxd3 45. Nxd3 Qxd3 46. h6 Qd2+ 47. Kf3 Qxh6 48. Rh1 Qd2 49. Rbd1 Qc2 50. Qe5 h5
51. Rd5 Qc4 52. Qe4 Qb5 $4 53. Rdxh5 $1 gxh5 54. Rg1+ {... and Black resigned
because it's mate in 2 (54 ...Kh8  55.Qe5+ f6  56.Qxh5#)} 1-0